 Dungeon Crawl Stone Soup version 0.17.2-1-ge4368a0 (webtiles) character file.

123 Goblin1989 the Slasher (level 4, 0/33 HPs)
             Began as a Vampire Gladiator on Dec 20, 2016.
             Slain by an orc
             ... wielding a +0 whip
              (3 damage)
             ... on level 3 of the Dungeon.
             The game lasted 00:06:35 (3185 turns).

Goblin1989 the Slasher (Vampire Gladiator)          Turns: 3185, Time: 00:06:35

Health: 0/33       AC:  5    Str: 15    XL:     4   Next: 79%
Magic:  4/4        EV:  8    Int: 10    God:
Gold:   119        SH:  0    Dex: 14    Spells: 0 memorised, 3 levels left

rFire  . . .     SeeInvis +     a - +0 long sword
rCold  + . .     Clarity  .     b - +0 leather armour
rNeg   + + .     SustAt   .     (no shield)
rPois  +         Gourm    .     c - +0 helmet
rElec  .         Spirit   .     (no cloak)
rCorr  .         Warding  .     e - +0 pair of gloves
rMut   .         Stasis   .     (no boots)
MR     .....                    (no amulet)
Stlth  +.........               (no ring)
                                (no ring)

@: regenerating slowly, not resistant to hostile enchantments, very unstealthy
A: fangs 3, see invisible, unbreathing
a: Bat Form


You were on level 3 of the Dungeon.
You were very thirsty.

You visited 1 branch of the dungeon, and saw 3 of its levels.

You collected 119 gold pieces.

Inventory:

Hand Weapons
 a - a +0 long sword (weapon)
Missiles
 Z - 3 throwing nets {=f, !d}
Armour
 b - a +0 leather armour (worn)
 c - a +0 helmet (worn)
 e - a +0 pair of gloves (worn)
Scrolls
 d - a scroll of magic mapping {unknown}
 i - a scroll of fog {unknown}
 B - a scroll of blinking
 T - a scroll of teleportation {!r, @r4}
Potions
 f - 2 potions of curing {unknown}
 g - a potion of degeneration {unknown}
 h - a potion of mutation {unknown}
 k - a potion of haste {unknown}
 q - 9 potions of blood


   Skills:
 - Level 1.7 Fighting
 + Level 5.6 Long Blades
 - Level 1.5 Throwing
 - Level 3.2 Dodging


You had 3 spell levels left.
You didn't know any spells.

Dungeon Overview and Level Annotations

Branches:
Dungeon (3/15)

Altars:


Innate Abilities, Weirdness & Mutations

You heal slowly.
You have razor-sharp teeth.
You have supernaturally acute eyesight.
You can survive without breathing.


Message History

You hit the orc priest but do no damage.
The orc priest is lightly wounded.
The orc misses you.
The orc priest hits you but does no damage.
The orc priest hits you with a club.
You take 1 damage, and have 15/33 hp.
You slash the orc priest!
The orc priest is severely wounded.
The orc hits you with a whip.
* * * LOW HITPOINT WARNING * * *
The orc priest hits you but does no damage.
The orc priest hits you with a club.
* * * LOW HITPOINT WARNING * * *
You take 6 damage, and have 9/33 hp.
The orc priest hits you.
* * * LOW HITPOINT WARNING * * *
There is a stone staircase leading up here.
You take 6 damage, and have 3/33 hp.
The orc priest barely misses you. The orc hits you with a whip.
You die... █......(..........█....(......██ █...███████........████.%....... █... █...██...█ █(████████

█... █...██...█ █)█ █.
█...█████████)████████
█...█ █...........█
<.████...███ █...........█
........oo.████...........█
.........o@..██...........█
.....)....................█
.██...██.......(███████████
█8... █........█ ██...
█...█....█ █.$. █...██████
█.. █...█ 8.


█████ You could see 2 orc priests and an orc.

Vanquished Creatures
  Ijyb (D:3)
  Robin (D:3)
  2 adders
  An ooze (D:1)
  2 worms
  The ghost of dscm the Digger, a weakling OpEE (D:3)
  3 orcs (D:3)
  A bat (D:1)
  2 giant cockroaches
  15 goblins
  6 hobgoblins
  4 jackals (D:1)
  5 kobolds
  A quokka (D:2)
  A giant gecko (D:2)
  2 giant newts (D:3)
  4 rats
52 creatures vanquished.

Vanquished Creatures (others)
  A kobold (D:1)
1 creature vanquished.

Grand Total: 53 creatures vanquished

Notes
Turn   | Place    | Note
--------------------------------------------------------------
     0 | D:1      | Goblin1989 the Vampire Gladiator began the quest for the Orb.
     0 | D:1      | Reached XP level 1. HP: 16/16 MP: 1/1
    70 | D:1      | Reached XP level 2. HP: 2/22 MP: 2/2
   772 | D:1      | Reached skill level 4 in Long Blades
  1049 | D:2      | Reached XP level 3. HP: 22/27 MP: 3/3
  1706 | D:3      | Noticed Robin
  1977 | D:3      | Noticed Ijyb
  1993 | D:3      | Killed Ijyb
  1993 | D:3      | Reached skill level 5 in Long Blades
  1993 | D:3      | Reached XP level 4. HP: 24/33 MP: 4/4
  2059 | D:3      | Killed Robin
  2271 | D:3      | Noticed dscm's ghost (weakling OpEE)
  2352 | D:3      | Killed dscm's ghost
  3185 | D:3      | Slain by an orc

Action                   |  1- 3 |  4- 6 || total
-------------------------+-------+-------++-------
Melee: Long sword        |   137 |    50 ||   187
  Use: Scroll            |     6 |       ||     6
       Potion            |     1 |     1 ||     2

Vault maps used:
D:1:      dpeg_arrival_more_subterranean_lakeside_camping, lemuel_old_faithful
D:2:      first_bread
D:3:      serial_corexii_hall, corexii_hall_statues_l, corexii_hall_statues_l,
          minmay_misc_feat_columns, uniq_iyjb, uniq_robin
